 Dungeon Crawl Stone Soup version 0.26-a0-611-g354ed81502 (webtiles) character file.

Game seed: 16826512809992770057

17 Descartes the Sneak (level 2, -4/11 HPs)
             Began as a Felid Enchanter on Sept 6, 2020.
             Slain by Terence
             ... wielding a cursed +0 mace
              (7 damage)
             ... on level 2 of the Dungeon.
             The game lasted 00:01:49 (2022 turns).

Descartes the Sneak (Felid Enchanter)               Turns: 2022, Time: 00:01:50

Health: -4/11      AC:  1    Str:  4    XL:     2   Next: 44%
Magic:  6/6        EV: 18    Int: 16    God:
Gold:   95         SH:  0    Dex: 16    Spells: 4/5 levels left
                                        Lives:  0   Deaths: 0

rFire    . . .     SeeInvis +     - Unarmed
rCold    . . .     Faith    .   (shield unavailable)
rNeg     . . .     Spirit   .   (armour unavailable)
rPois    .         Reflect  .   (helmet unavailable)
rElec    .         Harm     .   (cloak unavailable)
rCorr    .                      (gloves unavailable)
MR       .....                  (boots unavailable)
Stlth    +++.......             (no amulet)
HPRegen  0.03/turn              (no ring)
MPRegen  0.10/turn              (no ring)

@: quick
A: very small, no armour, no weapons or thrown items, stealth, claws 1, fangs 3,
see invisible, speed 1, shaggy fur 1, sharp paws
a: no special abilities


You were on level 2 of the Dungeon.
You visited 1 branch of the dungeon, and saw 2 of its levels.

You collected 95 gold pieces.

Inventory:

Missiles
 c - 25 arrows
 e - 85 stones
Wands
 i - a wand of iceblast (3)
Scrolls
 d - a scroll of random uselessness {unknown}
 f - a scroll of teleportation {unknown}
 g - a scroll of identify {unknown}
Potions
 a - 2 potions of curing
 b - a potion of flight {unknown}
 h - a potion of heal wounds {unknown}


   Skills:
 - Level 2.6 Dodging
 + Level 5.4 Stealth
 - Level 1.0 Unarmed Combat
 - Level 2.0 Spellcasting
 - Level 4.4 Hexes


You had 4 spell levels left.
You knew the following spells:

 Your Spells              Type           Power        Failure   Level
a - Corona                Hex            ###....      3%          1

Your spell library contained the following spells:

 Spells                   Type           Power        Failure   Level
 Confusing Touch          Hex            ###.....     11%         3
 Tukima's Dance           Hex            ###.....     11%         3
 Ensorcelled Hibernation  Hex/Ice        #.....       13%         2
 Dazzling Flash           Conj/Hex       #.....       26%         3


Dungeon Overview and Level Annotations

Branches:
Dungeon (2/15)

Altars:

Annotations:
D:2 Terence


Innate Abilities, Weirdness & Mutations

You cannot wear armour.
You are incapable of wielding weapons or throwing items.
Your paws allow you to move quietly. (Stealth)
You have sharp claws.
You have razor-sharp teeth.
You have supernaturally acute eyesight. (SInv)
You cover ground quickly.
You are covered in fur. (AC +1)
Your sharp claws are effective at attacking unaware monsters.


Message History

You scratch Terence but do no damage.
Terence is severely wounded.
Terence closely misses you.
You scratch Terence but do no damage.
Terence is severely wounded.
Terence hits you with a cursed +0 mace.
Ouch! That really hurt!
You completely miss Terence.
Terence is severely wounded.
Terence closely misses you.
You scratch Terence but do no damage.
Terence is severely wounded.
Terence hits you with a cursed +0 mace.
* * * LOW HITPOINT WARNING * * *
A goblin comes into view.
The goblin shouts!
There is an escape hatch in the ceiling here.
Terence hits you with a cursed +0 mace!
Ouch! That really hurt!
You die...

#.# #.# #.# #.#
#.#
#########.########
..........$.......
#..........#######
.......@.#.<#
........@#..#
.........#..#
.........#..#
.g.......#..#
...#######..# ...
.... .. ?...


You could see Terence and a goblin.

Vanquished Creatures
  A leopard gecko (D:1)
  A giant cockroach (D:1)
  A goblin (D:1)
  A hobgoblin (D:1)
  A ball python (D:1)
  4 bats
  A frilled lizard (D:1)
  2 kobolds (D:1)
  7 rats
19 creatures vanquished.

Notes
Turn   | Place    | Note
-------+----------+-------------------------------------------
     0 | D:1      | Descartes the Felid Enchanter began the quest for the Orb.
     0 | D:1      | Reached XP level 1. HP: 7/7 MP: 4/4
   325 | D:1      | Reached skill level 5 in Stealth
   325 | D:1      | Reached XP level 2. HP: 7/11 MP: 6/6
  2005 | D:2      | Noticed Terence
  2022 | D:2      | Slain by Terence

Illustrated notes

Levels and vault maps discovered:
D:1:      sevenhm_arrival_forest_fort_large_1, layout_basic
D:2:      layout_basic, minmay_stone_trees_small, uniq_terence

Skill      XL: |  1 |
---------------+----+-----
Stealth        | 5 |  5.4
Dodging        | |  2.6
Unarmed Combat | |  1.0
Spellcasting   | |  2.0
Hexes          | |  4.4

Action                   || total
-------------------------++-------
Melee: Unarmed           ||    72
       Bite              ||     7
  Use: Potion            ||     1
 Stab: Sleeping          ||     8
Armor: Skin              ||     3
Dodge: Dodged            ||    60

Table legend: (Time is in decaauts)
 A = Elapsed time spent in this place.
 B = Non-inter-level travel time spent in this place.
 C = Inter-level travel time spent in this place.
 D = Time resting spent in this place.
 E = Time spent auto-exploring this place.
 F = Levels seen in this place.
 G = Mean time per level.
                   A        B        C        D        E       F      G
               +--------+--------+--------+--------+--------+-----+--------+
         Total |   1865 |   1807 |     58 |      0 |   1604 |   2 |  932.5 |
       Dungeon |   1865 |   1807 |     58 |      0 |   1604 |   2 |  932.5 |
               +--------+--------+--------+--------+--------+-----+--------+

Top non-repeatable levels by time:
     D:1: 1732 daAuts
     D:2: 132 daAuts
